 Dungeon Crawl Stone Soup version 0.28.0-49-g6dfe1f597d (webtiles) character file.

Game seed: 1352458128910124838

180 Exodus22XD the Poker (level 5, -3/39 HPs)
             Began as a Demonspawn Gladiator on May 15, 2022.
             Killed from afar by Blork the orc (7 damage)
             ... with a magic dart
             ... on level 4 of the Dungeon.
             The game lasted 00:03:02 (3302 turns).

Exodus22XD the Poker (Demonspawn Gladiator)         Turns: 3302, Time: 00:03:03

Health: -3/39      AC:  6    Str: 17    XL:     5   Next: 33%
Magic:  5/5        EV: 12    Int:  9    God:
Gold:   58         SH:  0    Dex: 14    Spells: 4/4 levels left

rFire   . . .      SeeInvis .   a - +0 trident
rCold   . . .      Faith    .   (no shield)
rNeg    . . .      Spirit   .   b - +0 leather armour
rPois   .          Reflect  .   c - +0 helmet
rElec   .          Harm     .   (no cloak)
rCorr   .          Rampage  .   (no gloves)
Will    .....                   (no boots)
Stlth   ++........              (no amulet)
HPRegen 0.13/turn               (no ring)
MPRegen 0.09/turn               (no ring)

@: mighty, attractive, flying
A: slimy green scales 1, spiny 1
a: no special abilities


You were on level 4 of the Dungeon.
You visited 1 branch of the dungeon, and saw 4 of its levels.

You collected 58 gold pieces.

Inventory:

Hand Weapons
 a - a +0 trident (weapon)
Missiles
 d - 3 throwing nets (quivered)
Armour
 b - a +0 leather armour (worn)
 c - a +0 helmet (worn)
Scrolls
 e - a scroll of teleportation
 g - a scroll of fear {unknown}
 j - a scroll of enchant armour {unknown}
 k - a scroll of identify {unknown}
 m - a scroll of brand weapon {unknown}
 n - a scroll of summoning {unknown}
 o - a scroll of enchant weapon {unknown}
Potions
 f - a potion of curing
 i - a potion of might


   Skills:
 + Level 2.7 Fighting
 + Level 4.2 Polearms
 + Level 1.9 Throwing
 + Level 1.5 Armour
 + Level 3.1 Dodging
 + Level 1.3 Stealth


You had 4 spell levels left.
You didn't know any spells.
Your spell library contained the following spells:

 Spells                   Type           Power      Damage    Failure   Level
 Shock                    Conj/Air       0%         1d3       43%         1
 Swiftness                Air            0%         N/A       82%         3
 Airstrike                Air            0%         N/A       99%         4
 Summon Ice Beast         Ice/Summ       0%         N/A       99%         4
 Summon Mana Viper        Hex/Summ       0%         N/A       100%        5
 Monstrous Menagerie      Summ           0%         N/A       100%        7


Dungeon Overview and Level Annotations

Branches:
Dungeon (4/15)
 Temple: D:4-7

Altars:
Ashenzari
Cheibriados
Fedhas
Ru
Sif Muna
Wu Jian
Yredelemnul

Annotations:
D:4 Blork the orc


Innate Abilities, Weirdness & Mutations

You are partially covered in slimy green scales. (AC +2)
You are partially covered in sharp spines.


Message History

Blork the orc points at you and mumbles some strange words.
The puff of frost misses you.
It was a potion of might.
You feel very mighty all of a sudden.
Blork the orc looks braver for a moment.
You hit Blork the orc.
Blork the orc is moderately wounded.
Blork the orc hits you with a +0 mace of protection.
Reach: a) +0 trident
Press: ? - help, Dir - move target, f - steam dragon
Aim: a steam dragon (about 40% to evade your +0 trident) Blork the orc is in the way.
You barely miss Blork the orc.
Blork the orc is moderately wounded.
Blork the orc barely misses you.
Reach: a) +0 trident
Press: ? - help, Dir - move target, f/p - steam dragon
Aim: a steam dragon (about 40% to evade your +0 trident) Blork the orc is in the way.
You barely miss Blork the orc.
Blork the orc is moderately wounded.
Blork the orc hits you with a +0 mace of protection.
* * * LOW HITPOINT WARNING * * *
You feel better. Blork the orc casts a spell at you. The magic dart hits you.
Okay, then.
Okay, then.
You barely miss Blork the orc.
Blork the orc is lightly wounded.
Blork the orc hits you with a +0 mace of protection!
* * * LOW HITPOINT WARNING * * *
It was a potion of attraction.
You feel attractive to monsters.
Blork the orc hits you with a +0 mace of protection.
* * * LOW HITPOINT WARNING * * *
It was a potion of flight.
You feel very buoyant.
You fly up into the air.
Blork the orc points at you and mumbles some strange words.
The magic dart hits you!
You die...

## .. ###. .......
#.. +....... #.#
#.....$. #@#.
#.......
#o#.###......
##D#.......#'#
#..###..)....#
#######........#.#o#
#........##..#.#o#.#
#.#####..#..##g#.#.#
#.# #.##..##.#.#.#
#.#
..##..#..#g#.######


You could see Blork the orc and a steam dragon.

Vanquished Creatures
  An orc priest (D:4)
  An orc wizard (D:4)
  A hound skeleton (D:4)
  3 adders
  5 worms
  3 dart slugs
  An orc (D:4)
  2 endoplasms
  2 giant cockroaches (D:1)
  6 goblins
  7 hobgoblins
  6 jackals
  6 kobolds
  3 quokkas
  3 ball pythons
  5 bats
  10 rats
65 creatures vanquished.

Notes
Turn   | Place    | Note
-------+----------+-------------------------------------------
     0 | D:1      | Exodus22XD the Demonspawn Gladiator began the quest for the
                  | Orb.
     0 | D:1      | Reached XP level 1. HP: 16/16 MP: 1/1
   224 | D:1      | Gained mutation: You are partially covered in slimy green
                  | scales. (AC +2) [demonic ancestry]
   224 | D:1      | Reached XP level 2. HP: 22/22 MP: 2/2
   365 | D:1      | Found a faded altar of an unknown god.
   417 | D:1      | Reached skill level 3 in Polearms
   970 | D:2      | Reached XP level 3. HP: 21/27 MP: 3/3
  1295 | D:2      | Reached skill level 1 in Stealth
  1884 | D:2      | Gained mutation: You are partially covered in sharp spines.
                  | [demonic ancestry]
  1884 | D:2      | Reached XP level 4. HP: 32/34 MP: 4/4
  2100 | D:3      | Found a snail-covered altar of Cheibriados.
  2100 | D:3      | Found an ornate altar of the Wu Jian Council.
  2100 | D:3      | Found a blossoming altar of Fedhas.
  2126 | D:3      | Found a basalt altar of Yredelemnul.
  2170 | D:3      | Found a shimmering blue altar of Sif Muna.
  2371 | D:3      | You fall into a shaft and drop 1 floor!
  2466 | D:3      | Reached skill level 1 in Armour
  2832 | D:4      | Reached skill level 4 in Polearms
  2858 | D:4      | Reached XP level 5. HP: 30/39 MP: 5/5
  3050 | D:4      | Found a sacrificial altar of Ru.
  3252 | D:4      | Found a broken altar of Ashenzari.
  3255 | D:4      | Noticed a steam dragon
  3278 | D:4      | Noticed Blork the orc
  3302 | D:4      | Killed from afar by Blork the orc

Illustrated notes

Levels and vault maps discovered:
D:1:      ncdulo_wetmaze, layout_basic, shapermc_ecumenical_altar_pompeii,
          patterned_corridor
D:2:      layout_rooms, nicolae_concentric_dashed_squares_wild
D:3:      layout_basic, mainiacjoe_overflow_24_doors,
          gammafunk_temple_overflow_forgotten, lemuel_crystal_altar,
          minmay_misc_feat_roman, minmay_hedge_maze, kennysheep_another_room,
          minmay_misc_feat_diagonals
D:4:      layout_basic, mainiacjoe_overflow_catch_the_wave,
          minmay_temple_entry_antechambers, uniq_blork_the_orc

Skill      XL: |  1  2  3  4 |
---------------+-------------+-----
Polearms       | 3 4 |  4.2
Dodging        | 3 |  3.1
Stealth        | 1 |  1.3
Armour         | 1 |  1.5
Fighting       | |  2.7
Throwing       | |  1.9

Action                   |  1- 3 |  4- 6 || total
-------------------------+-------+-------++-------
Melee: Trident           |   112 |    94 ||   206
       Punch             |     1 |       ||     1
  Use: Potion            |       |     5 ||     5
       Scroll            |       |     2 ||     2
 Stab: Sleeping          |     5 |     1 ||     6
Armor: Leather armour    |    36 |    16 ||    52
Dodge: Dodged            |    75 |    47 ||   122
